 Dungeon Crawl Stone Soup version 0.24.1-4-ge52af88ad5 (webtiles) character file.

Game seed: 9547662846382536908, levelgen mode: deterministic

99 Descartes the Sneak (level 4, -7/21 HPs)
             Began as a Felid Monk on Apr 12, 2020.
             Killed from afar by an orc wizard (9 damage)
             ... with a magic dart
             ... on level 3 of the Dungeon.
             The game lasted 00:03:55 (3602 turns).

Descartes the Sneak (Felid Monk)                    Turns: 3602, Time: 00:03:55

Health: -7/21      AC:  1    Str:  7    XL:     4   Next: 45%
Magic:  5/5        EV: 21    Int: 11    God:
Gold:   76         SH:  0    Dex: 19    Spells: 3/3 levels left
                                        Lives:  0   Deaths: 1

rFire    . . .     SeeInvis +     - Unarmed
rCold    . . .     Gourm    .   (shield unavailable)
rNeg     . . .     Faith    .   (armour unavailable)
rPois    +         Spirit   .   (helmet unavailable)
rElec    .         Reflect  .   (cloak unavailable)
rCorr    .         Harm     .   (gloves unavailable)
MR       .....                  (boots unavailable)
Stlth    ++++......             (no amulet)
HPRegen  0.07/turn              f - ring of poison resistance
MPRegen  0.09/turn              p - ring of wizardry

@: quick
A: very small, no armour, no weapons or thrown items, stealth, claws 1, fangs 3,
see invisible, carnivore, speed 1, shaggy fur 1, slow metabolism 1, sharp paws
a: no special abilities


You were on level 3 of the Dungeon.
You were completely stuffed.

You visited 1 branch of the dungeon, and saw 4 of its levels.

You collected 76 gold pieces.

Inventory:

Jewellery
 f - a ring of poison resistance (left paw)
 p - a ring of wizardry (right paw)
Wands
 m - a wand of flame (25)
 q - a wand of paralysis (7)
 v - a wand of random effects (23)
Scrolls
 b - a scroll of fear {unknown}
 c - 2 scrolls of magic mapping {unknown}
 e - 2 scrolls of teleportation
 g - a scroll of random uselessness {unknown}
 i - a scroll of immolation {unknown}
 k - 2 scrolls of amnesia {unknown}
 r - a scroll of enchant armour {unknown}
 t - 2 scrolls of remove curse {unknown}
 u - a scroll of enchant weapon {unknown}
Potions
 d - 3 potions of curing
 h - a potion of heal wounds {unknown}
 j - a potion of haste {unknown}
 l - a potion of ambrosia
 n - a potion of flight
 o - a potion of degeneration {unknown}
 s - a potion of invisibility {unknown}
Comestibles
 a - 7 rations


   Skills:
 + Level 3.6 Fighting
 + Level 4.8 Dodging
 * Level 5.0 Stealth
 * Level 4.1 Unarmed Combat


You had 3 spell levels left.
You didn't know any spells.
Your spell library was empty.

Dungeon Overview and Level Annotations

Branches:
Dungeon (4/15)
 Temple: D:4-7

Altars:
Cheibriados
Dithmenos
Uskayaw
Wu Jian


Innate Abilities, Weirdness & Mutations

You cannot wear armour.
You are incapable of wielding weapons or throwing items.
Your paws allow you to move quietly. (Stealth)
You have sharp claws.
You have razor-sharp teeth.
You have supernaturally acute eyesight. (SInv)
You are carnivorous and can eat meat at any time.
You cover ground quickly.
You are covered in fur. (AC +1)
You have a slow metabolism.
Your sharp claws are effective at attacking unaware monsters.


Message History

* * * LOW HITPOINT WARNING * * *
You barely miss the orc wizard.
The orc wizard is heavily wounded.
You scratch the orc wizard but do no damage.
The orc wizard is heavily wounded.
The orc wizard misses you.
You scratch the orc wizard.
The orc wizard is severely wounded.
The orc wizard gestures wildly while chanting.
The orc wizard seems to speed up.
You scratch the orc wizard.
The orc wizard is almost dead.
The orc wizard misses you.
The orc wizard casts a spell.
The orc wizard flickers and vanishes for a moment.
You closely miss the orc wizard.
The orc wizard is almost dead.
The orc wizard points at you and mumbles some strange words.
The magic dart hits you!
You die...

###########.......
#..............[..
#.########...###.#
#.# ###..........
#.# #.......###.#
###.####.#.#..## #.#
#.............# #.#
#.#.####[#.#.## #.#
#.#@# #.....# #.#
#.#o# ###.### #.#
#.#.# #.# #.# #.#.#
#.# #.# #.#.## #.#
#.# #.#..###
#.#######..
#......###........##
##.......#########.#
#...###...#........#


You could see an orc wizard (invisible).

Vanquished Creatures
  2 hounds (D:3)
  4 adders (D:3)
  A gnoll (D:3)
  A worm (D:3)
  2 dart slugs
  A leopard gecko (D:3)
  An orc (D:3)
  2 giant cockroaches
  3 goblins
  2 hobgoblins (D:1)
  3 jackals (D:1)
  5 kobolds
  A quokka (D:2)
  A ball python (D:1)
  10 bats
  3 frilled lizards
  3 rats
45 creatures vanquished.

Notes
Turn   | Place    | Note
-------+----------+-------------------------------------------
     0 | D:1      | Descartes the Felid Monk began the quest for the Orb.
     0 | D:1      | Reached XP level 1. HP: 10/10 MP: 2/2
    90 | D:1      | Reached skill level 3 in Stealth
   133 | D:1      | Reached XP level 2. HP: 6/14 MP: 3/3
  1007 | D:2      | Found a snail-covered altar of Cheibriados.
  1253 | D:2      | Reached XP level 3. HP: 13/17 MP: 4/4
  1378 | D:2      | Found an ornate altar of the Wu Jian Council.
  1655 | D:3      | Found a hide-covered altar of Uskayaw.
  1904 | D:3      | Reached skill level 4 in Stealth
  2804 | D:3      | Reached XP level 4. HP: 11/21 MP: 5/5
  3197 | D:3      | Slain by a gnoll
  3198 | D:3      | Reached XP level 3. HP: 0/17 MP: 4/4
  3215 | D:3      | Reached skill level 5 in Stealth
  3215 | D:3      | Reached XP level 4. HP: 4/21 MP: 5/5
  3562 | D:3      | Found a shadowy altar of Dithmenos.
  3602 | D:3      | Killed from afar by an orc wizard

Levels and vault maps discovered:
D:1:      dpeg_arrival_orchard, layout_rooms
D:2:      layout_rooms, old_standard_altar, lemuel_crystal_altar
D:3:      layout_loops_ring, nicolae_dithmenos_through_a_glass_darkly,
          eat_drink_and_be_merry_uskayaw, hex_medium, cheibrodos_gnoll_hut
D:4:      layout_cave_pools, minmay_temple_entry_mist, lemuel_altar_in_water,
          uniq_sigmund

Skill      XL: |  1  2  3 |
---------------+----------+-----
Stealth        | 3 5 |  5.0
Unarmed Combat | 4 |  4.1
Fighting       | |  3.6
Dodging        | |  4.8

Action                   |  1- 3 |  4- 6 || total
-------------------------+-------+-------++-------
Melee: Unarmed           |   147 |    33 ||   180
       Bite              |    12 |     2 ||    14
       Punch             |       |     2 ||     2
  Use: Scroll            |     4 |       ||     4
 Stab: Sleeping          |     9 |     2 ||    11
  Eat: Chunk             |     9 |     7 ||    16
Armor: Skin              |     7 |     1 ||     8
Dodge: Dodged            |   140 |    34 ||   174
